 Dungeon Crawl Stone Soup version 0.23-a0-586-gacb4b3f (console) character file.

7 Duffy the Firebug (level 1, -4/10 HPs)
             Began as a Deep Elf Fire Elementalist on Dec 19, 2018.
             Slain by Sigmund
             ... wielding a +3 scythe
              (14 damage)
             ... on level 2 of the Dungeon.
             The game lasted 00:00:24 (269 turns).

Duffy the Firebug (Deep Elf Fire Elementalist)       Turns: 269, Time: 00:00:25

Health: -4/10      AC:  2    Str:  5    XL:     1   Next: 91%
Magic:  6/6        EV: 13    Int: 19    God:
Gold:   14         SH:  0    Dex: 15    Spells: 5/6 levels left

rFire    . . .     SeeInvis .   c - 3 rations
rCold    + . .     Gourm    .   (no shield)
rNeg     . . .     Faith    .   a - +0 robe
rPois    .         Spirit   .   (no helmet)
rElec    .         Reflect  .   (no cloak)
rCorr    .         Harm     .   (no gloves)
MR       .....                  (no boots)
Stlth    ++........             (no amulet)
HPRegen  0.03/turn              g - ring of protection from cold
MPRegen  0.10/turn              (no ring)

@: no status effects
A: no striking features
a: no special abilities


You were on level 2 of the Dungeon.
You were not hungry.

You visited 1 branch of the dungeon, and saw 2 of its levels.

You collected 14 gold pieces.

Inventory:

Armour
 a - a +0 robe (worn)
Jewellery
 g - a ring of protection from cold (left hand)
Scrolls
 b - a scroll of remove curse {unknown}
 d - a scroll of immolation {unknown}
 e - a scroll of identify {unknown}
Potions
 h - a potion of flight {unknown}
Comestibles
 c - 3 rations (in hand)
 f - a chunk of flesh


   Skills:
 - Level 2.4 Dodging
 - Level 2.4 Stealth
 - Level 3.0 Spellcasting
 + Level 2.2 Conjurations
 - Level 3.2 Fire Magic


You had 5 spell levels left.
You knew the following spells:

 Your Spells              Type           Power        Failure   Level  Hunger
h - Flame Tongue          Conj/Fire      ##...        4%          1    None

Your spell library contained the following spells:

 Spells                   Type           Power        Failure   Level  Hunger
 Throw Flame              Conj/Fire      ##....       8%          2    ##.....
 Conjure Flame            Conj/Fire      ##......     14%         3    ###....
 Inner Flame              Hex/Fire       #.......     24%         3    ###....
 Sticky Flame             Conj/Fire      ##......     43%         4    ####...
 Fireball                 Conj/Fire      ##........   80%         5    ######.


Dungeon Overview and Level Annotations

Branches:
Dungeon (2/15)

Altars:

Annotations:
D:2 Sigmund


Message History

There is a stone staircase leading down here.
You climb downwards.
Found 14 gold pieces.
There is a stone staircase leading up here.
You now have 14 gold pieces.
There is a stone staircase leading up here.
Found 16 stones.
Found a stone staircase leading up.
Found a robe.
h - a sedimented green potion
There is a stone staircase leading up here.
A hobgoblin comes into view. It is wielding a +0 club.
A bat and an adder come into view.
The bat moves out of view.
Found a whip and a hunting sling.
A bat comes into view.
Sigmund the Dreaded comes into view.
He is wielding a +3 scythe and carrying a Sigmund shouts!
Sigmund hits you from afar with a +3 scythe!
Ouch! That really hurt!
You die...

.## .. ... .# ..# #.#
#.# .. #.# ##.## #.#
#...# #.### #)..###..
#.<.. #@.@..... ####.
#.#####.. #..# #.# #.#.
# #.# #.## ###.# #.#
#########.#
b.g...#.######.......#.#
#............#####.#.#
........#.###..#####.#.#
..#.....#.# #.......[<.#


You could see Sigmund.

Vanquished Creatures
  A leopard gecko (D:1)
  3 bats (D:1)
  A goblin (D:1)
5 creatures vanquished.

Notes
Turn   | Place    | Note
-------+----------+-------------------------------------------
     0 | D:1      | Duffy the Deep Elf Fire Elementalist began the quest for
                  | the Orb.
     0 | D:1      | Reached XP level 1. HP: 10/10 MP: 6/6
   268 | D:2      | Noticed Sigmund
   269 | D:2      | Slain by Sigmund

Vault maps used:
D:1:      minmay_arrival_five_plusses
D:2:      first_ration, uniq_sigmund

Skill      XL: |  1 |
---------------+----+-----
Conjurations   | 2 |  2.2
Dodging        | |  2.4
Stealth        | |  2.4
Spellcasting   | |  3.0
Fire Magic     | |  3.2

Action                   || total
-------------------------++-------
 Cast: Flame Tongue      ||     7
Armor: Robe              ||     1
Dodge: Dodged            ||     3

Table legend:
 A = Non-vault XP
 B = Vault XP
 C = Vault XP percentage of total XP
 D = Non-vault monster count
 E = Vault monster count
 F = Vault count percentage of total count
                 A         B        C        D         E       F
            +---------+---------+-------+---------+---------+-------
      Total |      11 |       0 |   0.0 |       5 |       0 |   0.0
            +---------+---------+-------+---------+---------+-------
        D:1 |      11 |       0 |   0.0 |       5 |       0 |   0.0
            +---------+---------+-------+---------+---------+-------
